 Dungeon Crawl Stone Soup version 0.25.0-11-g1f837a76a1 (webtiles) character file.

Game seed: 7840483676588169959

1807 grindst0ne the Covert (level 8, -4/36 HPs)
             Began as a Spriggan Enchanter on June 27, 2020.
             Was an Initiate of Gozag.
             Slain by a gnoll sergeant
             ... wielding a +0 trident
              (11 damage)
             ... on level 7 of the Dungeon.
             The game lasted 00:18:29 (8904 turns).

grindst0ne the Covert (Spriggan Enchanter)          Turns: 8904, Time: 00:18:29

Health: -4/36      AC:  2    Str:  4    XL:     8   Next: 84%
Magic:  8/13       EV: 40    Int: 25    God:    Gozag
Gold:   887        SH:  0    Dex: 16    Spells: 6/12 levels left

rFire    . . .     SeeInvis +   a - +1 dagger
rCold    + . .     Gourm    .   (shield restricted)
rNeg     . . .     Faith    .   b - +0 robe
rPois    .         Spirit   .   (helmet restricted)
rElec    .         Reflect  .   (no cloak)
rCorr    .         Harm     .   (gloves unavailable)
MR       +....                  (boots unavailable)
Stlth    +++++.....             z - amulet of the acrobat
HPRegen  0.12/turn              i - +6 ring of intelligence
MPRegen  0.13/turn              s - ring of protection from cold

@: acrobat, very quick
A: very small, unfitting armour, see invisible, herbivore, speed 3, slow
metabolism 2
a: Potion Petition, Call Merchant, Bribe Branch, Renounce Religion


You were on level 7 of the Dungeon.
You worshipped Gozag.
Gozag was pleased with you.
You were very hungry.

You visited 1 branch of the dungeon, and saw 7 of its levels.

You collected 914 gold pieces.
You paid 27 gold pieces to Gozag.

Inventory:

Hand Weapons
 a - a +1 dagger (weapon)
Missiles
 B - 15 poisoned darts (quivered)
Armour
 b - a +0 robe (worn)
 m - a +0 buckler
Jewellery
 i - a +6 ring of intelligence (left hand)
 s - a ring of protection from cold (right hand)
 t - an uncursed ring of protection from cold
 z - an amulet of the acrobat (around neck)
Scrolls
 c - 3 scrolls of teleportation
 h - a scroll of magic mapping
 k - a scroll of noise {unknown}
 l - 2 scrolls of enchant armour
 n - 2 scrolls of fear
 o - 3 scrolls of remove curse
 p - a scroll of amnesia {unknown}
 u - a scroll of random uselessness {unknown}
 v - 2 scrolls of blinking {unknown}
 y - a scroll of enchant weapon {unknown}
 A - a scroll of brand weapon
Potions
 e - 2 potions of lignification
 f - a potion of degeneration {unknown}
 g - a potion of haste {unknown}
 j - 3 potions of curing {unknown}
 q - 2 potions of brilliance {unknown}
 r - a potion of berserk rage {unknown}
 w - a potion of stabbing {unknown}
 x - 3 potions of heal wounds {unknown}
 C - a potion of might {unknown}
Comestibles
 d - 8 rations


   Skills:
 - Level 1.1 Short Blades
 + Level 9.8 Dodging
 + Level 11.1 Stealth
 - Level 2.6 Spellcasting
 + Level 8.7 Hexes


You had 6 spell levels left.
You knew the following spells:

 Your Spells              Type           Power        Failure   Level  Hunger
a - Corona                Hex            #####..      1%          1    None
b - Ensorcelled Hibernat  Hex/Ice        ####..       2%          2    ##.....
c - Confusing Touch       Hex            #####...     1%          3    ###....

Your spell library contained the following spells:

 Spells                   Type           Power        Failure   Level  Hunger
 Tukima's Dance           Hex            #####...     1%          3    ###....
 Dazzling Flash           Conj/Hex       ####..       5%          3    ###....


Dungeon Overview and Level Annotations

Branches:
Dungeon (7/15)             Temple (0/1) D:5

Altars:
Ashenzari
Fedhas
Gozag
Hepliaklqana
Makhleb
Nemelex Xobeh
Okawaru
Qazlal
Ru
Xom


Innate Abilities, Weirdness & Mutations

You are very small and have problems with some larger weapons.
You are too small for most types of armour.
You have supernaturally acute eyesight. (SInv)
You are a herbivore.
You cover ground extremely quickly.
You need to consume almost no food.


Message History

Press: ? - help, Shift-Dir - straight line, f/p - gnoll sergeant
Aim: a gnoll sergeant, wielding a +0 trident, wearing a +0 ring mail and wearing a +0 buckler (chance to defeat MR: 54%)
The gnoll sergeant resists with significant effort.
There is an escape hatch in the floor here.
You start resting.
The gnoll sergeant is too close now for your liking.
Casting: Ensorcelled Hibernation (safe; 2% risk of failure)
Confirm with . or Enter, or press ? or * to list all spells.
Aiming: Ensorcelled Hibernation (safe; 2% risk of failure)
Press: ? - help, Shift-Dir - straight line, f/p - gnoll sergeant
Aim: a gnoll sergeant, wielding a +0 trident, wearing a +0 ring mail and wearing a +0 buckler (wandering, hasn't noticed you, chance to defeat MR: 54%)
The gnoll sergeant looks drowsy...
The gnoll sergeant shouts!
You hit the gnoll sergeant.
The gnoll sergeant is lightly wounded.
The gnoll sergeant hits you with a +0 trident!
* * * LOW HITPOINT WARNING * * *
The gnoll sergeant hits you from afar with a +0 trident!
You die...
Your body crumbles into a pile of gold.

#.##### #.........
#.#...# #..(......
#.#.#.# #.....g...
#.#.#.# #......)..
########.#.#.#
#..g......
#<.......#.#(#
#.........
######...#.#.#
#.##'#####
####.#.#.#.# #.##.#
#....#.#@#.# #....#
#.####...#.#####..###
#.# ###g#........#
#.# #.########g# #.#
#....# #.# #.# #.##>#
#.# #.# #.##.# #g#
#.# #.##.# #.# #.#
#.##.# #.#


You could see a gnoll sergeant.

Vanquished Creatures
  An ice beast (D:5)
  A black bear (D:6)
  A phantom (D:5)
  2 ogres
  3 centaurs
  4 bullfrogs
  A water moccasin skeleton (D:6)
  3 killer bees (D:7)
  A howler monkey (D:6)
  A crimson imp (D:6)
  A bullfrog zombie (D:5)
  A jelly (D:5)
  A hound (D:5)
  3 orc priests (D:4)
  A centaur skeleton (D:7)
  Jessica (D:2)
  A bullfrog skeleton (D:7)
  An iguana (D:4)
  2 orc wizards
  4 worker ants
  A hound skeleton (D:5)
  A worker ant zombie (D:6)
  5 adders
  2 gnolls (D:7)
  A shadow imp (D:7)
  An ooze (D:5)
  3 worms
  2 dart slugs (D:1)
  3 leopard geckos
  22 orcs
  2 ball pythons
  A giant cockroach (D:4)
  2 hobgoblins (D:1)
  3 jackals
  6 quokkas
  6 bats
  5 frilled lizards
  4 goblins
  A jackal skeleton (D:3)
  3 kobolds
  6 rats
114 creatures vanquished.

Notes
Turn   | Place    | Note
-------+----------+-------------------------------------------
     0 | D:1      | grindst0ne the Spriggan Enchanter began the quest for the
                  | Orb.
     0 | D:1      | Reached XP level 1. HP: 9/9 MP: 5/5
   403 | D:1      | Reached XP level 2. HP: 13/13 MP: 6/6
   407 | D:1      | Learned a level 2 spell: Ensorcelled Hibernation
  1003 | D:1      | Reached skill level 5 in Stealth
  1329 | D:2      | Found a blossoming altar of Fedhas.
  1329 | D:2      | Found a sacrificial altar of Ru.
  1329 | D:2      | Found an iron altar of Okawaru.
  1371 | D:2      | Found a shimmering altar of Xom.
  1371 | D:2      | Found a shattered altar of Ashenzari.
  1372 | D:2      | Found an opulent altar of Gozag.
  1382 | D:2      | Found a hazy altar of Hepliaklqana.
  1386 | D:2      | Became a worshipper of Gozag Ym Sagoz the Greedy
  1440 | D:2      | Found a faded altar of an unknown god.
  1446 | D:2      | Noticed Jessica
  1454 | D:2      | Found a sparkling altar of Nemelex Xobeh.
  1463 | D:2      | Killed Jessica
  1463 | D:2      | Reached XP level 3. HP: 11/16 MP: 0/8
  1848 | D:3      | Found a stormy altar of Qazlal.
  1918 | D:3      | Learned a level 3 spell: Confusing Touch
  2575 | D:3      | Reached XP level 4. HP: 20/21 MP: 4/9
  2784 | D:4      | Reached skill level 6 in Stealth
  3018 | D:4      | Reached skill level 5 in Dodging
  3018 | D:4      | Reached skill level 5 in Hexes
  3018 | D:4      | Reached XP level 5. HP: 24/24 MP: 5/10
  4281 | D:4      | Noticed an ogre
  4822 | D:4      | Reached skill level 7 in Stealth
  5537 | D:4      | Killed an ogre
  5537 | D:4      | Reached XP level 6. HP: 28/28 MP: 2/11
  5629 | D:5      | Entered Level 5 of the Dungeon
  6400 | D:5      | Reached skill level 8 in Stealth
  6559 | D:5      | Noticed an ice beast
  6561 | D:5      | Killed an ice beast
  6561 | D:5      | Reached XP level 7. HP: 32/32 MP: 12/12
  6570 | D:5      | Found a staircase to the Ecumenical Temple.
  7044 | D:6      | Reached skill level 9 in Stealth
  7237 | D:6      | Reached XP level 8. HP: 30/36 MP: 6/13
  7372 | D:6      | Reached skill level 10 in Stealth
  7624 | D:6      | Found a burning altar of Makhleb.
  8420 | D:7      | Reached skill level 11 in Stealth
  8904 | D:7      | Slain by a gnoll sergeant

Illustrated notes

Levels and vault maps discovered:
D:1:      dpeg_arrival_arbitrary_c, layout_basic
D:2:      layout_basic, nicolae_overflow_quartered_altars,
          gammafunk_temple_overflow_claw, nemelex_xobeh_ov_fountains_minmay,
          chequers_ecumenical_altar_simple, minmay_3d_cube, uniq_jessica
D:3:      layout_basic, grunt_qazlal_sundering
D:4:      layout_basic, minmay_misc_feat_tiny
D:5:      layout_basic, minmay_temple_entry_gardened_gates, first_ration
D:6:      layout_gridville, old_standard_altar
D:7:      layout_basic

Skill      XL: |  1  2  3  4  5  6  7  8 |
---------------+-------------------------+-----
Hexes          | 4 5 6 7 8 |  8.7
Stealth        | 5 6 7 8 9 11 | 11.1
Dodging        | 4 5 6 8 9 |  9.8
Short Blades   | |  1.1
Spellcasting   | |  2.6

Action                   |  1- 3 |  4- 6 |  7- 9 || total
-------------------------+-------+-------+-------++-------
Melee: Dagger            |    98 |   131 |   112 ||   341
 Cast: Corona            |     6 |       |       ||     6
       Ensorcelled Hiber |    18 |    59 |    52 ||   129
       Confusing Touch   |       |     7 |     6 ||    13
  Use: Scroll            |       |     5 |     2 ||     7
 Stab: Sleeping          |    22 |    29 |    33 ||    84
       Confused          |       |     6 |     9 ||    15
  Eat: Ration            |       |     3 |     2 ||     5
Armor: Robe              |     8 |     3 |     2 ||    13
Dodge: Dodged            |    84 |    89 |    74 ||   247
